Cogmind - Beta 14 @@@ ROGUE MODE // 2025.01.10 @ 22:44:31 Player: Anting Result: Destroyed by G-47 Trooper with Particle Gun Performance ------------- Evolutions (2) 1000 Regions Visited (5) 1000 Robots Destroyed (62) 310 Value Destroyed (1343) 1343 Prototype IDs (24) 480 Alien Tech Used (0) 0 Bonus (261) 261 TOTAL SCORE: 4394 Bonus ------- Aligned with FarCom 300 Friendly Fire -39 Cogmind --------- Core Integrity 0/550 Matter 16/300 Energy 100/100 System Corruption 15% Temperature Cool (9) Movement Core (350) Ox6 Location -8/Materials Parts ------- > --- POWER (1) -------- (None) > --- PROPULSION (2) --- (None) > --- UTILITY (6) ------ Large Storage Unit Advanced Visual Processing Unit > --- WEAPON (2) ------- (None) > --- INVENTORY (15) --- Carbon-fiber Leg Flight Unit Flight Unit Improved Flight Unit Cesium-ion Thruster Xenon Bombardment Thruster Improved Power Shielding Latent Energy Streamer Beam Cannon Assault Rifle Assault Rifle Mining Laser Peak State ------------ > --- POWER ------------ Light Ion Engine > --- PROPULSION ------- Advanced Treads Improved Flight Unit > --- UTILITY ---------- Improved Heat Sink Large Storage Unit Advanced Visual Processing Unit Power Shielding Hacking Suite > --- WEAPON ----------- Missile Launcher Powered Hammer > --- INVENTORY -------- Carbon-fiber Leg Carbon-fiber Leg Flight Unit Flight Unit Flight Unit Cesium-ion Thruster Xenon Bombardment Thruster Latent Energy Streamer Beam Cannon Assault Rifle Assault Rifle Mini Grenade Launcher Mini Grenade Launcher Mining Laser [Rating: 28] Favorites ----------- Power Ion Engine Engine Ion Engine Propulsion Light Treads Treads Light Treads Leg Carbon-fiber Leg Flight Unit Flight Unit Utility Large Storage Unit Device Sensor Array Storage Large Storage Unit Processor Advanced Visual Processing Unit Hackware Hacking Suite Protection Power Shielding Weapon Mini Grenade Launcher Energy Cannon Beam Cannon Ballistic Gun Assault Rifle Launcher Mini Grenade Launcher Special Weapon Mining Laser Impact Weapon Powered Hammer Build | -11 -10 -10 -10 -9 -8 ------- Run | Yrd Mat Min Exi Min Mat Slots Evolved 4 | . . . . . 4 Power . | . . . . . . Propulsion . | . . . . . . Utility 4 | . . . . . 4 Weapon . | . . . . . . Parts Attached 51 | 7 14 9 1 . 20 Power 4 | 1 . 2 . . 1 Engine 4 | 1 . 2 . . 1 Core . | . . . . . . Reactor . | . . . . . . Propulsion 12 | 2 2 2 . . 6 Treads 7 | 2 1 2 . . 2 Leg 3 | . . . . . 3 Wheel . | . . . . . . Hover . | . . . . . . Flight 2 | . 1 . . . 1 Utility 12 | 2 4 . . . 6 Device 6 | 1 3 . . . 2 Storage 2 | 1 1 . . . . Processor 1 | . . . . . 1 Hackware 1 | . . . . . 1 Protection 2 | . . . . . 2 Artifact . | . . . . . . Weapon 23 | 2 8 5 1 . 7 Energy Gun . | . . . . . . Energy Cannon 6 | . 4 . 1 . 1 Ballistic Gun 9 | 2 4 1 . . 2 Ballistic Cannon . | . . . . . . Launcher 6 | . . 3 . . 3 Special Weapon 1 | . . 1 . . . Impact Weapon 1 | . . . . . 1 Slashing Weapon . | . . . . . . Piercing Weapon . | . . . . . . Special Melee Weapon . | . . . . . . Unidentified Prototypes 1 | . . . . . 1 Parts Lost 22 | . 3 3 . . 16 Power 4 | . . 2 . . 2 Propulsion 6 | . 1 1 . . 4 Utility 8 | . 2 . . . 6 Weapon 4 | . . . . . 4 Highest Loss Streak 4 | . 2 2 . . 4 To Critical Strikes . | . . . . . . Average Slot Usage (%) 90 | . 91 99 100 100 77 Engine 12 | . 14 13 14 14 8 Treads 19 | . 18 27 28 28 10 Device 11 | . 13 14 14 14 8 Storage 12 | . 14 14 14 14 9 Processor 2 | . . . . . 7 Hackware 1 | . . . . . 3 Protection 3 | . . . . . 10 Energy Cannon 3 | . 8 . . 14 . Ballistic Gun 6 | . 19 1 . . . Launcher 9 | . . 23 14 14 8 Special Weapon 2 | . . 2 14 . . Impact Weapon 2 | . . . . . 7 Peak Build Rating 28 | 7 10 10 18 19 28 Average Rating 13 | 5 7 9 9 18 22 On Entrance 10 | . 7 7 9 18 19 Naked Turns . | . . . . . . Heaviest Build 41 | 15 30 30 37 37 41 Greatest Support 42 | 40 40 40 40 40 42 Greatest Overweight (x) 7 | . 1 . . . 7 Average Overweight (x) . | . . . . . . Largest Inventory Capacity 15 | 8 15 15 15 15 15 Average Capacity 13 | 7 11 15 15 15 15 Most Carried 15 | 5 8 12 11 15 15 Average Carried 10 | 2 7 9 10 14 14 Final Capacity 15 | 8 15 15 15 15 15 Final Carried 15 | 2 8 10 11 15 12 Class Distribution -------------------- 94% | Mutant 5% | Skirmisher Dominant Class ---------------- Mutant | -10/Materials Mutant | -10/Mines Mutant | -10/Exiles Skirmisher | -9/Mines Mutant | -8/Materials Resources | -11 -10 -10 -10 -9 -8 ----------- Run | Yrd Mat Min Exi Min Mat Matter Collected 915 | 167 311 113 118 20 186 Remotely . | . . . . . . Salvage Created 1319 | 10 692 111 . 20 486 Parts 114 | 2 46 18 . 7 41 Haulers Intercepted 2 | . . . . . 2 Recyclers Shooed 2 | . 1 1 . . . Parts Field Recycled . | . . . . . . Retrieved Matter . | . . . . . . Parts Self-Destructed . | . . . . . . Prevented . | . . . . . . Kills | -11 -10 -10 -10 -9 -8 ------- Run | Yrd Mat Min Exi Min Mat Combat Hostiles Destroyed 45 | . 14 10 . 4 17 Melee 3 | . . . . . 3 Guns 1 | . 1 . . . . Cannons 13 | . 13 . . . . AOE 24 | . . 10 . 4 10 Classes Destroyed 10 | 1 6 . . . 3 Worker 2 | . 2 . . . . Builder 5 | . . . . . 5 Tunneler 2 | 1 . 1 . . . Hauler 2 | . . . . . 2 Recycler 1 | . 1 . . . . Operator 2 | . 1 . . . 1 Watcher 3 | . 3 . . . . Swarmer 23 | . 3 6 . 4 10 Grunt 21 | . 11 4 . . 6 Sentry 1 | . . . . . 1 Best Kill Streak 6 | 1 4 4 . 4 6 Combat Bots Only 5 | . 4 3 . 4 5 Max Kills in Single Turn 4 | 1 1 3 . 4 3 Gunslinging . | . . . . . . Exploded 4 | . . 3 . 4 3 Melee 1 | . . . . . 1 Uniques/NPCs Destroyed . | . . . . . . Combat | -11 -10 -10 -10 -9 -8 -------- Run | Yrd Mat Min Exi Min Mat Hostile Shots Fired 244 | . 77 22 . . 145 Missed 72 | . 15 7 . . 50 Damage Taken 2978 | . 737 222 . 39 1980 Core 702 | . 127 14 . . 561 Absorbed by Shields . | . . . . . . Redirected to Shielding 16 | . . . . . 16 Regen/Repaired (Parts) 121 | . 121 . . . . Core Remaining (%) 71 | 100 . . . 43 . Volleys Fired 99 | 3 54 18 . 1 23 Largest 2 | 2 2 2 . 1 2 Hottest 120 | 40 120 100 . 30 60 Shots Fired 173 | 6 108 26 . 1 32 Gun 35 | 6 20 1 . . 8 Cannon 90 | . 88 . . . 2 Launcher 39 | . . 16 . 1 22 Special 9 | . . 9 . . . Kinetic 35 | 6 20 1 . . 8 Thermal 97 | . 88 9 . . . Explosive 39 | . . 16 . 1 22 Electromagnetic 2 | . . . . . 2 Robot Hit Streak 11 | 3 11 5 . 6 10 Robot Miss Streak 5 | 1 5 1 . . 1 Penetration Max . | . . . . . . Secondary Targets . | . . . . . . Shots Hit Robots 96 | 4 59 6 . 1 26 Core Hits 86 | 1 26 17 . 3 39 Critical Kills . | . . . . . . Critical Parts Destroyed 2 | . . . . . 2 Critical Strikes 2 | . . . . . 2 Smash 2 | . . . . . 2 Melee Attacks 51 | . . . . . 51 Impact 51 | . . . . . 51 Slashing . | . . . . . . Piercing . | . . . . . . Sneak Attacks . | . . . . . . Combat Hostiles . | . . . . . . Follow-up Attacks . | . . . . . . Damage Inflicted 4103 | 51 1012 731 . 203 2106 Guns 262 | 51 136 12 . . 63 Cannons 882 | . 876 . . . 6 Explosions 2312 | . . 713 . 203 1396 Melee 641 | . . . . . 641 Ramming 6 | . . 6 . . . Kinetic 262 | 51 136 12 . . 63 Thermal 876 | . 876 . . . . Explosive 2197 | . . 713 . 203 1281 Electromagnetic 121 | . . . . . 121 Impact 641 | . . . . . 641 Slashing . | . . . . . . Piercing . | . . . . . . Highest Corruption 15 | . . . . . 15 Average Corruption 4 | . . . . . 4 Corruption Purged . | . . . . . . Corruption Blocked . | . . . . . . Effects 54 | . . . . . 54 Message Errors 11 | . . . . . 11 Matter Fused 13 | . . . . . 13 Heat Flow Errors 10 | . . . . . 10 Energy Discharges 5 | . . . . . 5 Parts Fused 1 | . . . . . 1 Data Loss (minor) 7 | . . . . . 7 Data Loss (major) 4 | . . . . . 4 Misfires 2 | . . . . . 2 Misdirections 1 | . . . . . 1 Overload Shots . | . . . . . . Overflow Damage 310 | . 15 10 . 8 277 Projectiles 15 | . 15 . . . . Explosions 110 | . . 10 . 8 92 Melee 185 | . . . . . 185 Knockbacks 1 | . . . . . 1 Impact 1 | . . . . . 1 Kinetic . | . . . . . . Secondary . | . . . . . . Self-Inflicted Damage 449 | . . 54 . . 395 Shots 11 | . . 2 . . 9 Rammed 3 | . . 3 . . . Targets Rammed 3 | . . 3 . . . Kicked . | . . . . . . Crushed . | . . . . . . Highest Temperature 474 | . 474 86 . . 242 Average Temperature 154 | . 194 35 . . 91 Received Heat Transfer 786 | . 354 72 . . 360 Effects 11 | . 11 . . . . Shutdowns 4 | . 4 . . . . Energy Bleed 1 | . 1 . . . . Interference 2 | . 2 . . . . Short Circuit 1 | . 1 . . . . Damage (major) 3 | . 3 . . . . Siege Activations . | . . . . . . Robots Corrupted 4 | . . . . . 4 Combat Hostiles 4 | . . . . . 4 Parts Fried 2 | . . . . . 2 Impact Corruptions 9 | . . . . . 9 Robots Melted . | . . . . . . Combat Hostiles . | . . . . . . Parts Melted 6 | . 6 . . . . Heat Transferred 1850 | . 1850 . . . . Parts Sabotaged . | . . . . . . Parts Stolen . | . . . . . . Parts Stripped . | . . . . . . Power Chain Reactions . | . . . . . . Latent Energy Used 207 | . . . . . 207 LE Corruption 4 | . . . . . 4 Alert | -11 -10 -10 -10 -9 -8 ------- Run | Yrd Mat Min Exi Min Mat Peak Influence 383 | 5 316 190 . 114 383 Initial 44 | . 3 3 . . 44 Average 101 | 1 101 56 . 114 129 Maximum Alert Level 1 | . 1 . . . 1 Low Security (%) 88 | 100 79 100 . 100 86 Level 1 11 | . 20 . . . 13 Level 2 . | . . . . . . Level 3 . | . . . . . . Level 4 . | . . . . . . Level 5 . | . . . . . . High Security . | . . . . . . Max Security . | . . . . . . Squads Dispatched 8 | . 3 1 . . 4 Investigation 3 | . 2 1 . . . Extermination . | . . . . . . Reinforcement 5 | . 1 . . . 4 Assault . | . . . . . . Garrison . | . . . . . . Intercept . | . . . . . . Searches Triggered . | . . . . . . Construction Impeded 2 | . . . . . 2 Haulers Reinforced . | . . . . . . Active Scanning Responses . | . . . . . . Cargo Convoy Interrupts . | . . . . . . Stealth | -11 -10 -10 -10 -9 -8 --------- Run | Yrd Mat Min Exi Min Mat Distress Signals 6 | . 2 . . . 4 Communications Jammed . | . . . . . . Distress Signals . | . . . . . . Times Spotted 74 | . 28 10 . . 36 Peak Tracking Total 9 | . 5 3 . . 9 Tactical Retreats 8 | . 4 . . . 4 Traps | -11 -10 -10 -10 -9 -8 ------- Run | Yrd Mat Min Exi Min Mat Traps Triggered 1 | . 1 . . . . Indirectly . | . . . . . . Trap Hack Attempts . | . . . . . . Triggered . | . . . . . . Disarmed . | . . . . . . Reprogrammed . | . . . . . . Reused . | . . . . . . Traps Extracted . | . . . . . . Installed . | . . . . . . Triggered . | . . . . . . Machines | -11 -10 -10 -10 -9 -8 ---------- Run | Yrd Mat Min Exi Min Mat Machines Disabled 8 | . . 1 . 1 6 Max in Single Turn 1 | . . 1 . 1 1 Garrison Access 1 | . . . . . 1 Machines Repaired . | . . . . . . Machines Dismantled . | . . . . . . Machines Sabotaged . | . . . . . . Overloaded Fab Kills . | . . . . . . Hacking | -11 -10 -10 -10 -9 -8 --------- Run | Yrd Mat Min Exi Min Mat Machines Accessed 19 | . 5 1 5 1 7 Terminals 8 | . 4 . . . 4 Fabricators . | . . . . . . Repair Stations 1 | . 1 . . . . Recycling Units 1 | . . . . . 1 Scanalyzers 1 | . . . . . 1 Garrison Access 1 | . . . . . 1 Total Hacks 81 | . 11 1 50 1 18 Successful 65 | . 4 1 50 1 9 Failed 16 | . 7 . . . 9 Catastrophic 2 | . 1 . . . 1 Database Lockouts . | . . . . . . Manual 20 | . 7 . 1 . 12 Terminals 20 | . 9 . . . 11 Fabricators . | . . . . . . Repair Stations 2 | . 2 . . . . Recycling Units 3 | . . . . . 3 Scanalyzers 2 | . . . . . 2 Garrison Access 2 | . . . . . 2 Terminal Hacks 56 | . 2 1 50 1 2 Record 49 | . . . 49 . . Robot Analysis 1 | . 1 . . . . Open Door 2 | . . 1 . 1 . Branch Access Points 1 | . 1 . . . . Alert Level 1 | . . . . . 1 Zone Layout 1 | . . . . . 1 Derelict Proto ID Bank 1 | . . . 1 . . Fabricator Hacks . | . . . . . . Repair Station Hacks 2 | . 2 . . . . Scan Component 1 | . 1 . . . . Repair 1 | . 1 . . . . Recycling Unit Hacks 1 | . . . . . 1 Report Inventory 1 | . . . . . 1 Scanalyzer 2 | . . . . . 2 Insert Component 1 | . . . . . 1 Analyze 1 | . . . . . 1 Garrison Access Hacks 1 | . . . . . 1 Seal Access 1 | . . . . . 1 Unauthorized Hacks 3 | . . . . . 3 Terminals 2 | . . . . . 2 Botnet 2 | . . . . . 2 Fabricators . | . . . . . . Repair Stations . | . . . . . . Recycling Units 1 | . . . . . 1 Monitor 1 | . . . . . 1 Scanalyzers . | . . . . . . Garrison Access . | . . . . . . Data Cores Recovered . | . . . . . . Used . | . . . . . . Hacking Detections 11 | . 5 . . . 6 Full Trace Events 3 | . 3 . . . . Feedback Events . | . . . . . . Feedback Blocked . | . . . . . . Robot Schematics Acquired . | . . . . . . Robots Built . | . . . . . . Authchips . | . . . . . . Time . | . . . . . . Total Robot Build Rating . | . . . . . . Part Schematics Acquired 1 | . . . . . 1 Parts Built . | . . . . . . Authchips . | . . . . . . Time . | . . . . . . Total Part Build Rating . | . . . . . . Parts Repaired 1 | . 1 . . . . Time 13 | . 13 . . . . Parts Recycled . | . . . . . . Recycled Matter . | . . . . . . Retrieved Matter . | . . . . . . Retrieved Components . | . . . . . . Parts Scanalyzed 1 | . . . . . 1 Part Schematics Acquired 1 | . . . . . 1 Parts Damaged . | . . . . . . Bothacking | -11 -10 -10 -10 -9 -8 ------------ Run | Yrd Mat Min Exi Min Mat Used RIF Installer . | . . . . . . Robots Hacked . | . . . . . . Non-combat . | . . . . . . Combat . | . . . . . . Robot Hacks Applied . | . . . . . . Relay Couplers Released . | . . . . . . Fabnet Peak Effective % . | . . . . . . Robots Rewired . | . . . . . . Allies Hacked . | . . . . . . Hacks Repelled . | . . . . . . Allies | -11 -10 -10 -10 -9 -8 -------- Run | Yrd Mat Min Exi Min Mat Total Allies 1 | . . 1 . . . Largest Group 1 | . . 1 . . . Highest-Rated Group 31 | . . 31 . . . Highest-Rated Ally 31 | . . 31 . . . Total Orders . | . . . . . . Ally Attacks . | . . . . . . Total Damage . | . . . . . . Kills . | . . . . . . Allies Corrupted . | . . . . . . Allies Melted . | . . . . . . Intel | -11 -10 -10 -10 -9 -8 ------- Run | Yrd Mat Min Exi Min Mat Robot Analysis Total 1 | . 1 . . . . Derelict Logs Recovered 2 | . . 2 . . . Drone Launches . | . . . . . . Drone Recoveries . | . . . . . . Exploration | -11 -10 -10 -10 -9 -8 ------------- Run | Yrd Mat Min Exi Min Mat Turns Passed 7708 | 109 2188 1405 1113 385 2508 Spaces Moved 3642 | 62 987 809 692 235 857 Core 47 | 12 . . . . 35 Treads 3540 | 50 987 809 692 235 767 Legs 55 | . . . . . 55 Wheels . | . . . . . . Hover . | . . . . . . Flight . | . . . . . . Fastest Speed 50 | 50 160 160 160 160 120 Average Speed 180 | 138 195 160 160 160 205 Slowest Speed 400 | 160 240 160 160 160 400 Overloaded Moves . | . . . . . . Propulsion Burnouts . | . . . . . . Robots Hopped . | . . . . . . Cave-ins Triggered 3 | . . . . . 3 Exploration Rate (%) 65 | 4 91 98 92 61 49 Regions Visited 5 Branch Regions 3 Pre-discovered Areas 1 | . . . 1 . . Known Exits Taken 1 | . 1 . . . . Unknown Exits Taken 4 | 1 . 1 1 1 . Scrap Searched 3 | . . 1 . 2 . Spaces Dug 70 | . . 4 . . 66 Terrain Destroyed 364 | . . 137 . 9 218 Melee 35 | . . . . . 35 Projectile 5 | . . 5 . . . AOE 324 | . . 132 . 9 183 Terrain Rammed . | . . . . . . Walls Destroyed . | . . . . . . Machines Disabled . | . . . . . . Actions | -11 -10 -10 -10 -9 -8 --------- Run | Yrd Mat Min Exi Min Mat Total 4505 | 79 1133 871 698 244 1480 Wait 613 | . 64 27 2 1 519 Move 3635 | 61 986 808 691 234 855 Hop . | . . . . . . Pick Up 42 | 8 12 6 2 6 8 Fast Attach 2 | 1 . . . . 1 Attach 25 | 6 4 4 . . 11 Detach 1 | . . . . . 1 Swap 24 | . 10 5 1 . 8 Drop 7 | . 3 . 1 2 1 Fire 99 | 3 54 18 . 1 23 Melee 51 | . . . . . 51 Ram . | . . . . . . Kick . | . . . . . . Crush 3 | . . 3 . . . Escape Stasis 2 | . . . . . 2 Rewire 1 | . . . 1 . . Trap . | . . . . . . Miscellaneous . | . . . . . . Route ------- -11/Scrapyard -10/Materials (discovered 5 exits: [*Mat x3] / *Min x2) -10/Mines (discovered 4 exits: [*Mat x2] / *Exi / [*Sub]) -10/Exiles (discovered 2 exits: *Min x2) -9/Mines -8/Materials (discovered 1 exit: [*Fac]) History --------- Turn | Location | Event 10 | -11/Scrapyard | Discovered new exit (range 15) 110 | -11/Scrapyard | Entered Materials 307 | -10/Materials | Build established: Mutant 341 | -10/Materials | Discovered new exit (range 14) 714 | -10/Materials | Discovered new exit (range 13) 864 | -10/Materials | Repaired Lgt. Treads 892 | -10/Materials | Discovered new exit (range 16) 1102 | -10/Materials | Core integrity fell below 50% 1271 | -10/Materials | Discovered new exit (range 16) 2238 | -10/Materials | Discovered new exit (range 15) 2257 | -10/Materials | Identified exit to Mines 2298 | -10/Materials | Entered Mines 2304 | -10/Mines | Met a Derelict bent on vengeance 2453 | -10/Mines | Learned Materials terminal intel 2455 | -10/Mines | Met a Derelict shopkeep closing up shop 2537 | -10/Mines | Discovered new exit (range 5) 2686 | -10/Mines | Learned Materials terminal intel 2858 | -10/Mines | Received a Mining Laser from a helpful Derelict 3138 | -10/Mines | Discovered new exit (range 8) 3363 | -10/Mines | Discovered new exit (range 3) 3695 | -10/Mines | Deemed a non-threat by the Exiles lab entrance 3695 | -10/Mines | Discovered new exit (range 5) 3703 | -10/Mines | Entered Exiles 3727 | -10/Exiles | Discovered new exit (range 15) 3775 | -10/Exiles | Met 8R-AWN 3801 | -10/Exiles | Met EX-HEX 3862 | -10/Exiles | Met EX-DEC 3908 | -10/Exiles | Learned location of Zion (-6) 3964 | -10/Exiles | Discovered new exit (range 14) 4199 | -10/Exiles | Visited The Gauntlet 4460 | -10/Exiles | Met EX-BIN 4521 | -10/Exiles | Aligned with FarCom system 4522 | -10/Exiles | Given EX-Vault access code 4598 | -10/Exiles | Opened EX-Vault 4610 | -10/Exiles | Found Latent Energy Streamer 4643 | -10/Exiles | Warned to stay clear of 0b10 Research branches 4816 | -10/Exiles | Left Exiles lab with Latent Energy Streamer 4816 | -10/Exiles | Entered Mines 5063 | -9/Mines | Met a Derelict who couldn't figure out how to use a Trap Extractor 5113 | -9/Mines | Build established: Skirmisher 5177 | -9/Mines | Discovered new exit (range 8) 5186 | -9/Mines | Assembled infested the area 5201 | -9/Mines | Entered Materials 5201 | -8/Materials | Evolved 4 slots: Utility x4 5202 | -8/Materials | Loaded intel: 12 terminal locations 5272 | -8/Materials | Lost 3 parts (1p1n1u) 5604 | -8/Materials | Build established: Mutant 6708 | -8/Materials | Discovered new exit (range 20) 7525 | -8/Materials | Crushed by falling debris 7555 | -8/Materials | Crushed by falling debris 7556 | -8/Materials | System corruption reached 10% 7575 | -8/Materials | Crushed by falling debris 7606 | -8/Materials | Lost 4 parts (1p1n1u1w) 7686 | -8/Materials | Core integrity fell below 50% 7701 | -8/Materials | Core integrity fell below 20% 7709 | -8/Materials | Destroyed by G-47 Trooper with Particle Gun Last Messages --------------- Purification Channel disabled. System corrupted: Matter fused (-6). Purification Channel disabled. Carbon-fiber Leg destroyed. U-05 Engineer destroyed. ALERT: Construction progress impeded, dispatching reinforcements to local area. Mni. Grenade Launcher destroyed. Critical hit (Burn: +37). R-06 Scavenger collects Terrain Scanner. R-06 Scavenger collects Wheel. R-06 Scavenger collects Lgt. Ion Engine. M-13 Machinist repairs G-47 Trooper. K-01 Serf collects debris. M-13 Machinist repairs Particle Gun. R-06 Scavenger collects Wheel. Hacking Suite destroyed. K-01 Serf collects debris. M-13 Machinist repairs Particle Gun. U-05 Engineer builds a Wall. Map ----- +----------------------------------------------------+ | ???????????????????????# "" # # "Y" #??? | | ???????????????????????# G" # # """ [ #??? | | ??????????????????????## "" # # #??? | | ??????????????????????## # #####+#####??? | | "T"???????????????????########### #???# #??????? | | ?????????????????????????????#### #???# #??????? | | ????????????????????????????##! ##### ######## | | ????????????????????????????#! "" | | ????????????????????????????#! "T | | ????????????????????????????#! | | ????????????????????????????#! ###+###### | | ????????????????????????????##! # #?# | | ?????????????????????????????#### # #?# | | ????????????????????????????????# # #?# | | ????????????????????????????????# #[ #?# # | | ????????????????????????????????# #[! !### # | | ????????????????????????????????# # ### # | | ?????????????????????############ ########## # | | ?????????????????????# ! ^ # | | ??????????????????? ^^ % # | | ?????????????????????# ^ """ ^ # | | ??????????????????????# """ [!### ### # | | ??????????????????????# """ [ ## # # ^ | | ??????????????????????# ## ## ^ | | ???????# ###+######## #?# ## ^ | | ???????# @ #?# # #### | | ???????# ############??? | | ???????# r a## ##??? | | ???????# " """"" " ##[ ##??? | | ???????# """ """ ## ##??? | | ???????# " "" r g # ## | | ???????# Yk mg + !!! # | | ???????# % % # !!! | | ???????# ###### g k # # !!! = | | ???????# ?????#### #u # | | ???????# ## ?????????#g## ## # ! # | | ??????????# ##g??????????# #?### ####### # ## | | ????????? ?? ???????????# #???# ##???###### | | ???????? T ?? ????????????#g#???# #????## #?#== | | ????T??????? ??g??????????# #???# #?????###?#== | | ??????????? ??????????????# #???# #?????????#== | | ??????????????????????????#+#???# #?????????# | | ?????????????????????????? ???# #?????????# ! | | ?????????????????????????? "???# ############## | | ?????????????????????????? "???# | | ?????????????????????????? "???+ | | ?????????????????????????? ???# | | ?????????????????????????? ???# ############## | | ?????????????T???????????? ???# #????????????? | | ?????????????????????????? ???# #????????????? | +----------------------------------------------------+ Best States ------------- Heat Dissipation 45 Energy Generation 10 Energy Capacity 250 Matter Stores 300 Matter Capacity 300 Sight Range 20 Robot Scan Range 14 Terrain Scan Density 10 Armor Coverage 225 Power Shielding 33 Evasion (%) 55 Recoil Reduction 2 Offensive Hacking 10 Item Schematics ----------------- Xenon Bombardment Thruster | -8/Materials | Scanalyzed Robot Schematics ------------------ None Fabricated ------------ Nothing Alien Tech Used ----------------- None Achievements -------------- Maybe Next Time I'll Detach My Launcher Remodeling System Compromised Unlikely Earthworm Challenges ------------ None Game ------ Seed EtherialSegregatorWarhead Manual? 0 Play Time 01:03:13 Cumulative 2.4 hours Start 2025.01.10 @ 20:21:06 End 2025.01.10 @ 22:44:31 Sessions 1 Manual Loads 0 Difficulty Rogue Special Mode None Game No. 5 Rogue 5 Adventurer 0 Explorer 0 Win Type - Total 0 Types 0/0/0/0/0/0/0/0/0 Lore% 8 Gallery% 4 Achievement% 8 Wizard Run 0 Options --------- Layout 1 ASCII 0 Keyboard 0 Movement Mouse Keybinds 0 Fullscreen 2 Font 32/SmallcapsGlow Map View 50x35 Zoom Use 0% Tactical HUD 0 Map Filters NONE Filters NONE Steam 1 RUN: 809ac731-49bb-4f8b-a714-340620ce11e2